 Dungeon Crawl Stone Soup version 0.24.0-125-gc4c63601f3 (webtiles) character file.

Game seed: 7407440195485158372, levelgen mode: deterministic

138462 Inkbh the Markscentaur (level 16, -4/134 HPs)
             Began as a Centaur Hunter on Feb 16, 2020.
             Was a High Priest of Okawaru.
             Slain by an alligator (10 damage)
             ... on level 3 of the Swamp on Feb 19, 2020.
             The game lasted 02:26:34 (59213 turns).

Inkbh the Markscentaur (Centaur Hunter)            Turns: 59213, Time: 02:26:35

Health: -4/134     AC: 26    Str: 21    XL:     16   Next: 71%
Magic:  4/25       EV:  9    Int: 10    God:    Okawaru [*****.]
Gold:   2100       SH:  0    Dex: 11    Spells: 15/27 levels left

rFire    + . .     SeeInvis .   b - +2 battleaxe (elec)
rCold    . . .     Gourm    +   (shield currently unavailable)
rNeg     . . .     Faith    .   C - +2 ring mail {MR+}
rPois    +         Spirit   .   T - +2 hat {MR+}
rElec    .         Reflect  .   L - +2 cloak {+Inv}
rCorr    .         Harm     .   w - +2 pair of gloves "Vexup" {Stlth+}
MR       +++..                  c - +1 centaur barding {rF+}
Stlth    ++........             N - amulet of the gourmand
HPRegen  0.32/turn              Z - +2 ring of protection
MPRegen  0.19/turn              P - ring of poison resistance

@: very slightly contaminated, hasted, very quick
A: large, hooves 3, blurry vision 1, deformed body, speed 2, tough skin 3
a: Heroism, Finesse, Renounce Religion, Evoke Invisibility


You were on level 3 of the Swamp.
You worshipped Okawaru.
Okawaru was extremely pleased with you.
You were hungry.

You visited 5 branches of the dungeon, and saw 27 of its levels.
You also visited: Gauntlet.

You collected 3590 gold pieces.
You spent 1490 gold pieces at shops.

Inventory:

Hand Weapons
 a - a +0 longbow
 b - a +2 battleaxe of electrocution (weapon)
 B - the +2 war axe of Qeifetru {holy, +Fly Str+2 SInv}
   (You bought it in a shop on level 2 of the Orcish Mines)

   It has been blessed by the Shining One to cause great damage to the undead
   and demons.
   It affects your strength (+2).
   It lets you see invisible.
   It lets you fly.
 M - a +2 battleaxe of holy wrath
Missiles
 d - 378 arrows
 i - 3 throwing nets (quivered)
Armour
 c - a +1 centaur barding of fire resistance (worn)
 w - the +2 pair of gloves "Vexup" (worn) {Stlth+}
   (You bought it in a shop on level 2 of the Orcish Mines)

   It makes you more stealthy.
 z - +8 fire dragon scales
 C - a +2 ring mail of magic resistance (worn)
 L - a +2 cloak of invisibility (worn)
 T - a +2 hat of magic resistance (worn)
Jewellery
 N - an amulet of the gourmand (around neck)
 P - a ring of poison resistance (right hand)
 V - an uncursed ring of protection from magic
 Z - a +2 ring of protection (left hand)
Wands
 A - a wand of disintegration (2)
 D - a wand of random effects (16)
 H - a wand of clouds (5)
 I - a wand of iceblast (19)
 K - a wand of paralysis (22)
 O - a wand of acid (18)
 S - a wand of flame (33)
 X - a wand of digging (8)
Scrolls
 g - 16 scrolls of teleportation
 j - 3 scrolls of immolation
 k - 5 scrolls of fear
 l - 3 scrolls of identify
 o - 5 scrolls of blinking
 q - 8 scrolls of remove curse
 r - 2 scrolls of magic mapping
 u - 3 scrolls of fog
 y - 4 scrolls of amnesia
 E - a scroll of holy word
 F - 2 scrolls of enchant weapon
 J - 2 scrolls of vulnerability
 R - a scroll of summoning
Potions
 e - 6 potions of invisibility
 h - 2 potions of brilliance
 m - 3 potions of berserk rage
 n - 4 potions of flight
 p - a potion of might
 v - 2 potions of cancellation
 x - 4 potions of lignification
 G - 8 potions of curing
 Q - a potion of resistance
 U - 3 potions of magic
 W - a potion of ambrosia
 Y - 3 potions of mutation
Miscellaneous
 t - a phantom mirror
Comestibles
 f - 53 rations


   Skills:
 + Level 10.1 Fighting
 - Level 20.0 Bows
 + Level 8.0 Armour
 + Level 5.4 Dodging
 - Level 0.4 Stealth
 - Level 6.0 Spellcasting
 + Level 6.5 Hexes
 * Level 9.6 Summonings
 + Level 5.3 Translocations
 - Level 6.0 Air Magic
 - Level 7.1 Invocations
 - Level 10.1 Evocations


You had 15 spell levels left.
You knew the following spells:

 Your Spells              Type           Power        Failure   Level  Hunger
a - Summon Lightning Spi  Summ/Air       ###.....     12%         4    ####...
b - Summon Mana Viper     Hex/Summ       ###.....     30%         5    ######.
c - Portal Projectile     Hex/Tloc       ##....       9%          3    ###....

Your spell library contained the following spells:

 Spells                   Type           Power        Failure   Level  Hunger
 Summon Butterflies       Summ           ###.....     1%          1    None
 Summon Small Mammal      Summ           ###.         1%          1    None
 Call Canine Familiar     Summ           ###.....     1%          3    ###....
 Confusing Touch          Hex            ###...       2%          1    None
 Apportation              Tloc           ##....       3%          1    None
 Recall                   Summ/Tloc      N/A          4%          3    ###....
 Gell's Gravitas          Tloc           ##........   11%         3    ###....
 Shroud of Golubria       Chrm/Tloc      #.....       16%         2    ##.....
 Dazzling Spray           Conj/Hex       #.....       24%         3    ###....
 Inner Flame              Hex/Fire       #.......     24%         3    ###....
 Spectral Weapon          Hex/Chrm       #.......     24%         3    ###....
 Animate Skeleton         Necr           N/A          30%         1    None
 Beastly Appendage        Tmut           #.....       30%         1    None
 Flame Tongue             Conj/Fire      #....        30%         1    None
 Infusion                 Chrm           #...         30%         1    None
 Magic Dart               Conj           #...         30%         1    None
 Passage of Golubria      Tloc           N/A          34%         4    ####...
 Summon Ice Beast         Ice/Summ       ##......     38%         4    ####...
 Passwall                 Tmut/Erth      #.......     43%         2    ##.....
 Searing Ray              Conj           #.....       43%         2    ##.....
 Song of Slaying          Chrm           #.......     43%         2    ##.....
 Throw Flame              Conj/Fire      #.....       43%         2    ##.....
 Silence                  Hex/Air        ###.......   54%         5    ######.
 Fulminant Prism          Conj/Hex       #.........   63%         4    ####...
 Conjure Flame            Conj/Fire      #.......     67%         3    ###....
 Regeneration             Chrm/Necr      #.........   67%         3    ###....
 Force Lance              Conj/Tloc      #.......     71%         4    ####...
 Iskenderun's Mystic Bla  Conj           #.......     97%         4    ####...
 Petrify                  Tmut/Erth      #.......     97%         4    ####...
 Sticky Flame             Conj/Fire      #.......     97%         4    ####...
 Dispersal                Tloc           ##........   99%         6    #######
 Summon Hydra             Summ           ###.......   99%         7    #######
 Fireball                 Conj/Fire      #.........   100%        5    ######.
 Conjure Ball Lightning   Conj/Air       #.........   100%        6    #######
 Deflect Missiles         Chrm/Air       #.........   100%        6    #######
 Statue Form              Tmut/Erth      #........    100%        6    #######
 Controlled Blink         Tloc           N/A          100%        8    #######
 Disjunction              Tloc           ##........   100%        8    #######
 Tornado                  Air            ###.......   100%        9    #######


Dungeon Overview and Level Annotations

Branches:
Dungeon (15/15)            Temple (1/1) D:4            Lair (6/6) D:8
  Swamp (3/4) Lair:3        Snake (0/4) Lair:3        Slime (0/5) Lair:6
    Orc (2/2) D:10            Elf (0/3) Orc:2        Vaults (0/5) D:14
 Depths (0/5) D:15        Gauntlet (visited)

Altars:
Ashenzari
Cheibriados
Dithmenos
Elyvilon
Fedhas
Gozag
Hepliaklqana
Kikubaaqudgha
Makhleb
Nemelex Xobeh
Okawaru
Qazlal
Ru
Sif Muna
Trog
Uskayaw
Vehumet
Wu Jian
Xom
Yredelemnul
Zin
The Shining One

Shops:
D:10 :}   Orc:2 :[[(%

Annotations:
D:9 2 runed translucent doors, MisterT's ghost, novice DrCj


Innate Abilities, Weirdness & Mutations

You have hooves in place of feet.
Armour fits poorly on your strangely shaped body.
You cover ground very quickly.
You have extremely tough skin. (AC +3)
Scrolls take you a little longer to read.


Message History

The alligator bites you!! The alligator barely misses you.
The alligator closely misses you. x2
You closely miss the alligator. Your kick misses the alligator.
The alligator is almost dead.
You hit the alligator but do no damage.
The alligator bites you but does no damage.
The alligator tail-slaps you but does no damage.
The alligator bites you!
* * * LOW HITPOINT WARNING * * *
The alligator tail-slaps you but does no damage.
The alligator bites you!!
* * * LOW HITPOINT WARNING * * *
The alligator tail-slaps you but does no damage.
The alligator bites you but does no damage.
The alligator barely misses you.
You feel yourself speed up. The alligator bites you!
* * * LOW HITPOINT WARNING * * *
The alligator tail-slaps you but does no damage.
The alligator closely misses you. The alligator tail-slaps you!
You die...

♣≈♣♣♣.≈≈..♣
♣.♣♣≈.♣≈♣.♣
♣≈≈..≈≈≈≈.♣ ≈[..
♣♣.≈≈≈.≈...♣♣ (♣..
♣....≈♣.♣≈.≈♣
..(...
♣♣.♣♣♣♣♣♣..≈♣♣
♣♣≈.♣≈.♣♣♣ ♣♣♣
♣♣..≈♣ ♣≈≈≈≈≈≈(.
♣..≈♣♣♣♣≈≈≈.♣≈♣
♣♣.@t.♣≈≈≈≈≈≈♣
♣.t♣≈..≈♣≈≈.♣♣
♣♣.≈≈≈≈≈≈≈≈≈.♣♣♣
♣.§..>....≈≈≈≈♣♣
♣♣≈≈≈≈♣♣..♣≈...♣♣♣
♣..≈.♣♣♣≈≈≈...≈..
♣♣.≈.♣ ♣♣..≈≈≈≈≈≈
♣≈≈.♣♣ ♣♣....≈≈≈
♣.≈.♣ ♣♣♣≈.≈≈≈


You could see 2 alligators.

Vanquished Creatures
  Frances (D:14)
  Donald (Swamp:2)
  A tengu reaver (D:15)
  Louise (D:15)
  A very ugly thing (Swamp:2)
  The ghost of sagitran the Basher, a journeyman DrWn of Wu Jian (Orc:2)
  Azrael (D:14)
  Snorg (Lair:6)
  Josephine (D:14)
  4 ettins
  2 fire dragons (D:15)
  3 yaktaur captains (D:15)
  A rakshasa (D:15)
  A ghost crab (Swamp:2)
  A great orb of eyes (D:15)
  9 hydras
  A catoblepas (Lair:6)
  An ogre mage (D:15)
  3 centaur warriors
  A queen ant (Lair:3)
  11 alligators
  5 two-headed ogres
  3 death yaks (Lair:6)
  2 deep troll earth magi (D:15)
  A tengu warrior (D:15)
  3 orc high priests (Orc:2)
  Urug (Lair:4)
  Sonja (Lair:4)
  Nergalle (D:12)
  A skeletal warrior (D:14)
  A fire crab (D:15)
  5 unseen horrors
  3 swamp dragons
  8 orc knights
  7 orc sorcerers
  12 ugly things
  3 deep elf magi
  6 manticores
  8 cyclopes
  22 elephants
  Maurice (Orc:1)
  13 black mambas
  2 torpor snails
  16 spiny frogs
  2 kobold demonologists (D:15)
  6 yaktaurs
  2 freezing wraiths (D:15)
  An efreet (D:15)
  4 rime drakes
  7 komodo dragons
  7 trolls
  3 hornets
  2 queen bees (D:10)
  A polar bear (Lair:4)
  A wolf spider simulacrum (D:15)
  8 dream sheep
  6 tyrant leeches
  6 blink frogs
  5 bog bodies
  A harpy skeleton (D:15)
  A raiju (shapeshifter) (D:15)
  15 slime creatures
  13 hippogriffs
  4 shadows
  5 wraiths
  5 basilisks
  3 fire elementals (D:14)
  A hungry ghost (D:15)
  28 yaks
  A basilisk (shapeshifter) (D:15)
  5 wyverns
  2 steam dragons
  7 vampire mosquitoes
  13 swamp worms
  2 wargs
  Edmund (D:4)
  3 acid dragons
  6 insubstantial wisps (Swamp:2)
  16 water moccasins
  8 soldier ants (Lair:3)
  2 hell hounds (D:14)
  2 black bears (D:7)
  7 swamp drakes
  7 ice beasts
  2 porcupines
  A hornet zombie (D:15)
  30 orc warriors
  A phantom (D:9)
  5 sky beasts
  13 ogres
  16 wolves
  23 centaurs
  18 crocodiles
  17 bullfrogs
  A big kobold (D:6)
  A wyvern zombie (D:14)
  3 scorpions
  2 wyvern skeletons
  44 killer bees
  16 wights
  A howler monkey (D:10)
  An electric eel (Lair:3)
  7 crimson imps
  2 quasits
  2 centaur zombies
  6 hounds
  20 orc priests
  33 orc wizards
  3 bullfrog skeletons
  10 centaur skeletons
  5 iguanas
  26 worker ants
  A hound zombie (D:5)
  A hound skeleton (D:8)
  A worker ant zombie (D:8)
  A howler monkey skeleton (D:4)
  18 adders
  4 gnolls
  2 shadow imps
  An ooze (D:6)
  2 worms (D:2)
  8 leopard geckos
  110 orcs
  6 ball pythons
  5 giant cockroaches
  4 goblins
  6 hobgoblins
  5 jackals
  13 kobolds
  8 quokkas
  9 bats
  3 frilled lizards
  A jackal zombie (D:6)
  2 leopard gecko skeletons
  2 quokka skeletons
  A quokka zombie (D:9)
  3 rats (D:1)
  5 plants
922 creatures vanquished.

Vanquished Creatures (collateral kills)
  A shambling mangrove (Swamp:3)
  A spiny frog (Swamp:3)
  A tyrant leech (Swamp:3)
  A vampire mosquito (Swamp:2)
  A swamp worm (Swamp:2)
  A swamp drake (Swamp:3)
6 creatures vanquished.

Vanquished Creatures (others)
  2 unseen horrors (D:15)
  A komodo dragon (D:14)
  A bog body (Lair:3)
  A wight (D:4)
  An ooze (D:4)
  A giant cockroach (D:4)
  23 fungi
  9 plants
39 creatures vanquished.

Grand Total: 967 creatures vanquished

Notes
Turn   | Place    | Note
-------+----------+-------------------------------------------
     0 | D:1      | Inkbh the Centaur Hunter began the quest for the Orb.
     0 | D:1      | Reached XP level 1. HP: 17/17 MP: 1/1
   183 | D:1      | Reached XP level 2. HP: 17/24 MP: 2/2
   193 | D:1      | Reached skill level 6 in Bows
  1161 | D:2      | Reached XP level 3. HP: 27/29 MP: 3/3
  1406 | D:2      | Reached skill level 7 in Bows
  1451 | D:2      | Noticed an earth elemental
  1458 | D:2      | Found a stormy altar of Qazlal.
  1462 | D:2      | Noticed an air elemental
  1476 | D:2      | Noticed a water elemental
  1495 | D:2      | Noticed a fire elemental
  1988 | D:2      | Reached XP level 4. HP: 36/36 MP: 4/4
  2891 | D:4      | Found a radiant altar of Vehumet.
  2904 | D:3      | Reached skill level 8 in Bows
  2904 | D:3      | Reached XP level 5. HP: 30/41 MP: 5/5
  3268 | D:3      | Reached skill level 9 in Bows
  3682 | D:4      | Reached XP level 6. HP: 48/48 MP: 6/6
  3861 | D:4      | Found a staircase to the Ecumenical Temple.
  3873 | Temple   | Entered the Ecumenical Temple
  4080 | Temple   | Became a worshipper of Warmaster Okawaru
  4117 | D:4      | Reached skill level 10 in Bows
  4394 | D:4      | Reached skill level 1 in Armour
  4623 | D:4      | Noticed Edmund
  4686 | D:4      | Killed Edmund
  4686 | D:4      | Reached XP level 7. HP: 47/55 MP: 7/7
  4900 | D:4      | Reached * piety under Okawaru
  5392 | D:4      | Found a stormy altar of Qazlal.
  5679 | D:5      | Entered Level 5 of the Dungeon
  5728 | D:5      | Reached skill level 11 in Bows
  6419 | D:5      | Reached skill level 12 in Bows
  6419 | D:5      | Reached XP level 8. HP: 55/61 MP: 8/8
  7212 | D:6      | Found an ornate altar of the Wu Jian Council.
  7216 | D:6      | Found a hide-covered altar of Uskayaw.
  7216 | D:6      | Found a snail-covered altar of Cheibriados.
  7219 | D:6      | Found a burning altar of Makhleb.
  7277 | D:6      | Reached skill level 13 in Bows
  7303 | D:6      | Reached ** piety under Okawaru
  7578 | D:6      | Found a basalt altar of Yredelemnul.
  8281 | D:6      | Reached skill level 14 in Bows
  8837 | D:7      | Reached XP level 9. HP: 57/69 MP: 9/9
  9005 | D:7      | Reached skill level 1 in Evocations
  9973 | D:7      | Reached *** piety under Okawaru
 10591 | D:8      | Found a staircase to the Lair.
 10619 | D:8      | Found a white marble altar of Elyvilon.
 11121 | D:8      | Reached skill level 1 in Invocations
 11277 | D:8      | Identified 2 scrolls of acquirement
 11435 | D:9      | Reached **** piety under Okawaru
 11445 | D:9      | Received a gift from Okawaru
 11445 | D:9      | Reached skill level 5 in Invocations
 11596 | D:9      | Identified the +3 long sword "Killer Klown's Death" {drain,
                  | rF- rC+ rN+ Int+4}
 11985 | D:9      | Reached XP level 10. HP: 59/78 MP: 14/14
 12104 | D:9      | Found a hazy altar of Hepliaklqana.
 12105 | D:9      | Found a shimmering blue altar of Sif Muna.
 12106 | D:9      | Found a sparkling altar of Nemelex Xobeh.
 12106 | D:9      | Found an opulent altar of Gozag.
 12203 | D:9      | Found a large runed translucent door.
 12204 | D:9      | Found a large runed translucent door.
 12207 | D:9      | Noticed MisterT's ghost (novice DrCj)
 12780 | D:10     | Entered Level 10 of the Dungeon
 12880 | D:10     | Found a staircase to the Orcish Mines.
 12913 | D:10     | Reached skill level 5 in Fighting
 13291 | D:10     | Noticed a two-headed ogre
 13336 | D:10     | Killed a two-headed ogre
 13336 | D:10     | Received a gift from Okawaru
 13452 | D:10     | Found Ihimitz's Book Shop.
 13503 | D:10     | Found Fah Taec's Gadget Shop.
 14033 | D:10     | Reached ***** piety under Okawaru
 14082 | D:10     | Received a gift from Okawaru
 14897 | D:11     | Found a gate leading to a gauntlet.
 14924 | Gauntlet | Entered a Gauntlet
 14924 | Gauntlet | Found a transporter.
 14924 | Gauntlet | Found a transporter.
 14924 | Gauntlet | Found a transporter.
 14924 | Gauntlet | Noticed a fire crab
 14945 | Gauntlet | Found a transporter.
 14954 | Gauntlet | Noticed a necromancer
 14957 | Gauntlet | Found a transporter.
 14958 | Gauntlet | Found a transporter.
 14968 | Gauntlet | Found a transporter.
 14969 | Gauntlet | Noticed a dire elephant
 14978 | Gauntlet | Noticed an elephant
 14987 | Gauntlet | Found a transporter.
 15004 | Gauntlet | Found a transporter.
 15004 | Gauntlet | Found a transporter.
 15008 | Gauntlet | Found a runed translucent door.
 15008 | Gauntlet | Found a runed translucent door.
 15012 | Gauntlet | Found a transporter.
 15015 | Gauntlet | Found a transporter.
 15016 | Gauntlet | Found the +2 cloak of the Thief {+Fog Slay-2 SInv Stlth+}
 15016 | Gauntlet | Noticed a moth of wrath
 15050 | Gauntlet | Noticed a queen ant
 15810 | Lair:1   | Entered Level 1 of the Lair of Beasts
 15821 | Lair:1   | Reached skill level 5 in Evocations
 16084 | Lair:1   | Received a gift from Okawaru
 16111 | Lair:1   | Got a scorched centaur barding
 16116 | Lair:1   | Identified the +2 centaur barding "Vyn Xiy" {Stlth+} (You
                  | acquired it on level 1 of the Lair of Beasts)
 16168 | Lair:1   | Reached XP level 11. HP: 79/94 MP: 16/16
 16749 | Lair:1   | Reached skill level 5 in Armour
 16789 | Lair:1   | HP: 4/94 [poisoned by a black mamba]
 16797 | Lair:1   | HP: 4/94 [poisoned by a black mamba]
 19206 | Lair:2   | Noticed a six-headed hydra
 19251 | Lair:2   | Killed a six-headed hydra
 20126 | Lair:2   | Received a gift from Okawaru
 20743 | Lair:2   | You fall into a shaft and drop 1 floor!
 21239 | Lair:2   | Received a gift from Okawaru
 21720 | Lair:2   | Received a gift from Okawaru
 21720 | Lair:2   | Reached XP level 12. HP: 101/101 MP: 18/18
 22244 | Lair:3   | Noticed a six-headed hydra
 22306 | Lair:3   | Killed a six-headed hydra
 22306 | Lair:3   | Reached skill level 15 in Bows
 22477 | Lair:3   | Noticed a six-headed hydra
 22493 | Lair:3   | Killed a six-headed hydra
 22948 | Lair:3   | Found a staircase to the Swamp.
 23991 | Lair:3   | Found a staircase to the Snake Pit.
 24225 | Lair:3   | Reached skill level 16 in Bows
 25342 | Lair:3   | Noticed a queen ant
 25655 | Lair:3   | Killed a queen ant
 25655 | Lair:3   | Reached skill level 17 in Bows
 26991 | Lair:4   | Received a gift from Okawaru
 27189 | Lair:3   | Reached skill level 18 in Bows
 27425 | Lair:4   | Noticed Urug
 27433 | Lair:4   | Killed Urug
 27525 | Lair:4   | Received a gift from Okawaru
 27680 | Lair:4   | Noticed a five-headed hydra
 27682 | Lair:4   | Reached XP level 13. HP: 107/107 MP: 19/19
 28283 | Lair:4   | Reached skill level 19 in Bows
 28349 | Lair:4   | Noticed Sonja
 28357 | Lair:4   | Killed Sonja
 28817 | Lair:5   | Identified Sif Muna's Collected Works on Transmigration and
                  | Translocation
 29725 | Lair:5   | Reached skill level 20 in Bows
 30045 | Lair:6   | Entered Level 6 of the Lair of Beasts
 30064 | Lair:6   | Reached skill level 1 in Spellcasting
 30353 | Lair:6   | Received a gift from Okawaru
 30916 | Lair:6   | Reached ****** piety under Okawaru
 31307 | Lair:6   | Noticed Snorg
 31703 | Lair:6   | Reached skill level 10 in Evocations
 32207 | Lair:6   | Killed Snorg
 32219 | Lair:6   | Found a staircase to the Slime Pits.
 32671 | Lair:6   | Reached XP level 14. HP: 115/115 MP: 21/21
 32701 | Lair:6   | Received a gift from Okawaru
 33072 | Lair:6   | Received a gift from Okawaru
 34046 | Lair:6   | Learned a level 4 spell: Summon Lightning Spire
 34052 | Lair:6   | Learned a level 5 spell: Summon Mana Viper
 34448 | D:11     | Received a gift from Okawaru
 34452 | D:11     | Reached skill level 1 in Summonings
 35586 | D:11     | Got a slimy hand axe
 35586 | D:11     | Identified the +6 hand axe of the Last Scars {chop, *Contam
                  | Dex+5} (You found it on level 11 of the Dungeon)
 35605 | D:11     | Gained mutation: Scrolls take you a little longer to read.
                  | [mutagenic glow]
 36044 | D:12     | Identified the Tome of the Rocks and Augmentations
 36076 | D:12     | Noticed Nergalle
 36095 | D:12     | Killed Nergalle
 36443 | D:12     | Reached skill level 5 in Dodging
 38151 | D:14     | Noticed Josephine
 38188 | D:14     | Reached skill level 5 in Summonings
 38204 | D:14     | Killed Josephine
 38645 | D:14     | Noticed Frances
 38670 | D:14     | Killed Frances
 39069 | D:14     | Noticed Azrael
 39095 | D:14     | Killed Azrael
 39095 | D:14     | Reached skill level 10 in Fighting
 39117 | D:14     | Received a gift from Okawaru
 39607 | D:14     | Reached XP level 15. HP: 116/126 MP: 22/22
 40161 | D:14     | Found a gate to the Vaults.
 40410 | D:15     | Entered Level 15 of the Dungeon
 40970 | D:15     | Found an ancient bone altar of Kikubaaqudgha.
 40970 | D:15     | Found a shimmering altar of Xom.
 41187 | D:15     | Found an ancient bone altar of Kikubaaqudgha.
 41581 | D:15     | Found a staircase to the Depths.
 42431 | D:15     | Reached skill level 5 in Spellcasting
 42476 | D:15     | Received a gift from Okawaru
 43503 | D:15     | Noticed a tengu reaver
 43952 | Orc:1    | Entered Level 1 of the Orcish Mines
 45253 | Orc:1    | Reached skill level 1 in Hexes
 45253 | Orc:1    | Reached skill level 1 in Air Magic
 46500 | Orc:1    | Noticed Maurice
 46508 | Orc:1    | Killed Maurice
 46832 | Orc:2    | Entered Level 2 of the Orcish Mines
 47662 | Orc:2    | Found a bloodstained altar of Trog.
 48213 | Orc:2    | Found a runed translucent door.
 48217 | Orc:2    | Noticed sagitran's ghost (journeyman DrWn)
 48703 | Orc:2    | Found Itis's Antique Weapon Shoppe.
 48703 | Orc:2    | Found Pewisou's Food Boutique.
 48711 | Orc:2    | Found Pugem's Armour Boutique.
 48711 | Orc:2    | Found Zuxam's Antique Armour Shoppe.
 48738 | Orc:2    | Bought a pair of dazzling gloves for 237 gold pieces
 48748 | Orc:2    | Identified the +2 pair of gloves "Vexup" {Stlth+} (You
                  | bought it in a shop on level 2 of the Orcish Mines)
 48751 | Orc:2    | Bought a bloodstained war axe for 263 gold pieces
 48751 | Orc:2    | Identified the +2 war axe of Qeifetru {holy, +Fly Str+2
                  | SInv} (You bought it in a shop on level 2 of the Orcish
                  | Mines)
 48799 | Orc:2    | Found Zywois's Book Boutique.
 48821 | Orc:2    | Bought a book of the Warp for 990 gold pieces
 48825 | Orc:2    | Learned a level 3 spell: Portal Projectile
 48846 | Orc:2    | Found a staircase to the Elven Halls.
 49392 | Orc:2    | Killed sagitran's ghost
 49392 | Orc:2    | Reached skill level 1 in Translocations
 49392 | Orc:2    | Reached XP level 16. HP: 129/134 MP: 25/25
 49734 | D:15     | Killed a tengu reaver
 50743 | D:15     | Noticed Louise
 50878 | D:15     | Killed Louise
 51616 | D:15     | Reached skill level 5 in Air Magic
 51635 | D:15     | Reached skill level 5 in Hexes
 52179 | D:15     | Noticed a tengu reaver
 52592 | Swamp:1  | Entered Level 1 of the Swamp
 52897 | Swamp:1  | Received a gift from Okawaru
 55996 | Swamp:2  | Reached skill level 5 in Translocations
 57471 | Swamp:2  | Noticed Donald
 57500 | Swamp:2  | HP: 5/134 [Donald/+2 broad axe of freezing (5)]
 57527 | Swamp:2  | Killed Donald
 58091 | Swamp:2  | Received a gift from Okawaru
 59213 | Swamp:3  | HP: 6/134 [alligator[an alligator] (16)]
 59213 | Swamp:3  | Slain by an alligator

Levels and vault maps discovered:
D:1:      lightli_arrival_maybe_door_vault, layout_loops_ring,
          minmay_misc_feat_rows, st_stairs_8
D:2:      layout_rooms, nicolae_qazlal_style_of_elements
D:3:      layout_basic, first_ration
D:4:      layout_basic, fiery_altar_vehumet, marbit_many_paths,
          minmay_temple_entry_crystal_x, uniq_edmund
D:5:      layout_basic
D:6:      layout_loops_corners, lemuel_crystal_altar, grunt_temple_overflow_open
D:7:      layout_loops_cross
D:8:      layout_basic, elyvilon_altar_3, lair_entry_dummy
D:9:      layout_irregular_city, chequers_temple_overflow_statue_of_worship,
          ebering_ghost_disaster_area
D:10:     layout_roguey, david_orc_3, serial_shops, kennysheep_mini_moat, shop,
          david_nohive_1
D:11:     layout_gridville, gauntlet_entry_generic
D:12:     layout_loops_corners, st_stairs_10, uniq_nergalle
D:13:     layout_irregular_city
D:14:     layout_roguey, hangedman_vaults_entry_quadrant_bands,
          hangedman_decor_points, uniq_josephine, uniq_frances, uniq_azrael
D:15:     hangedman_slaughterboxes, uniq_louise
Temple:   dpeg_chambers_temple
Lair:1:   layout_small_grid
Lair:2:   layout_chaotic_city, grunt_megastairs_2, infiniplex_staircase_pool_2
Lair:3:   layout_layer_cave, nicolae_swamp_entry_splash_gauntlet,
          minmay_snake_entry_six_corridors, zaba_antful_of_joy
Lair:4:   layout_loops_ring, uniq_sonja, uniq_urug
Lair:5:   layout_hall_layers, grunt_megastairs_4
Lair:6:   hangedman_lair_in_review, layout_misc_corridors, slime_dummy,
          serial_bayou_shore_b, lemuel_fruit_tree, lemuel_fruit_fields,
          uniq_snorg
Swamp:1:  layout_basic_swamp, evilmike_swamp_ruin_house_4
Swamp:2:  layout_basic_swamp, evilmike_swamp_ruin_house_2, uniq_donald
Swamp:3:  layout_falls_marsh, hangedman_swamp_lotus,
          cheibrodos_swamp_pet_leeches, infiniplex_staircase_pool
Orc:1:    layout_diamond_mine, special_room [special_room_bee], uniq_maurice
Orc:2:    grunt_orc_tribal_feast, layout_caves, basic_altar, serial_shops, shop,
          ebering_ghost_inner_flame

Skill      XL: |  1  2  3  4  5  6  7  8  9 10 11 12 13 14 15 16 |
---------------+-------------------------------------------------+-----
Bows           | 6 7 8 9 10 12 14 18 20 | 20.0
Armour         | 2 3 4 6 8 |  8.0
Fighting       | 3 4 8 10 | 10.1
Evocations     | 4 5 8 10 | 10.1
Invocations    | 6 7 |  7.1
Dodging        | 3 4 5 |  5.4
Spellcasting   | 2 6 |  6.0
Summonings     | 6 9 |  9.6
Hexes          | 4 6 |  6.5
Air Magic      | 4 6 |  6.0
Translocations | 1 5 |  5.3
Stealth        | |  0.4

Action                   |  1- 3 |  4- 6 |  7- 9 | 10-12 | 13-15 | 16-18 || total
-------------------------+-------+-------+-------+-------+-------+-------++-------
Melee: Short sword       |    61 |       |       |       |       |       ||    61
       Kick              |    12 |    14 |   111 |   164 |   206 |    64 ||   571
       Trident           |    44 |   140 |   418 |    13 |       |       ||   615
       Whip              |       |       |    69 |   596 |   693 |       ||  1358
       Longbow           |       |       |       |       |     4 |     1 ||     5
       Battleaxe         |       |       |       |       |    29 |   213 ||   242
       War axe           |       |       |       |       |       |    25 ||    25
 Fire: Shortbow          |    30 |    33 |    45 |   658 |       |       ||   766
       Longbow           |       |       |       |    98 |  1856 |   459 ||  2413
Throw: Throwing net      |       |       |     1 |     1 |       |       ||     2
 Cast: Summon Lightning  |       |       |       |       |       |    18 ||    18
       Summon Mana Viper |       |       |       |       |       |     4 ||     4
       Portal Projectile |       |       |       |       |       |     2 ||     2
Invok: Heroism           |       |       |       |     2 |     1 |     1 ||     4
       Finesse           |       |       |       |       |    11 |     4 ||    15
Evoke: Wand              |       |       |     4 |     5 |     1 |     4 ||    14
  Use: Scroll            |       |       |    22 |    12 |     4 |    10 ||    48
       Potion            |       |       |       |     3 |     2 |     5 ||    10
 Stab: Paralysed         |       |       |       |     4 |       |       ||     4
       Distracted        |       |       |       |       |       |     1 ||     1
  Eat: Chunk             |     1 |     5 |    20 |    45 |    43 |    16 ||   130
       Ration            |       |     1 |       |     2 |     4 |     3 ||    10
Armor: Leather armour    |    54 |    16 |       |       |       |       ||    70
       Plate armour      |       |    55 |       |       |       |       ||    55
       Ring mail         |       |       |   296 |   541 |  1219 |   354 ||  2410
Dodge: Dodged            |    53 |    22 |   204 |   362 |   577 |   195 ||  1413
Block: Buckler           |       |       |     6 |       |       |       ||     6
